 Dungeon Crawl Stone Soup version 0.30.1-9-gdf580d7c3d (webtiles) character file.

Game seed: 3705994387485383020

55 Djon the Slasher (level 4, 0/33 HPs)
             Began as a Human Gladiator on Oct 15, 2023.
             Was a Follower of Elyvilon.
             Slain by a gnoll
             ... wielding a +0 flail
              (8 damage)
             ... on level 1 of the Dungeon.
             The game lasted 00:03:43 (1143 turns).

Djon the Slasher (Human Gladiator)                  Turns: 1143, Time: 00:03:44

Health: 0/33       AC:  6    Str: 15    XL:     4   Next: 14%
Magic:  4/4        EV: 12    Int:  8    God:    Elyvilon [*.....]
Gold:   90         SH:  0    Dex: 16    Spells: 2/3 levels left

rFire   . . .        b - +0 short sword (venom)
rCold   . . .        (no shield)
rNeg    . . .        n - +0 ring mail
rPois   .            c - +0 helmet
rElec   .            (no cloak)
rCorr   .            (no gloves)
SInv    .            (no boots)
Will    .....        (no amulet)
Stlth   +            (no ring)
HPRegen 0.25/turn    (no ring)
MPRegen 0.09/turn

%: no passive effects
@: no status effects
A: no striking features
a: Renounce Religion, Purification


You were on level 1 of the Dungeon.
You worshipped Elyvilon.
Elyvilon was aware of your devotion.
You visited 1 branch of the dungeon, and saw 2 of its levels.

You collected 90 gold pieces.

Inventory:

Hand Weapons
 a - a +0 long sword
 b - a +0 short sword of venom (weapon)
Missiles
 d - 3 throwing nets (quivered)
 e - a javelin
Armour
 c - a +0 helmet (worn)
 n - a +0 ring mail (worn)
Jewellery
 j - a ring of flight
Scrolls
 f - a scroll of noise {unknown}
 g - 2 scrolls of vulnerability {unknown}
 h - 2 scrolls of identify {unknown}
 i - a scroll of enchant weapon {unknown}
 m - a scroll of torment {unknown}
 o - a scroll of silence {unknown}
Potions
 k - a potion of attraction {unknown}
 l - a potion of curing {unknown}
 p - a potion of invisibility
 q - a potion of heal wounds {unknown}


   Skills:
 + Level 2.3 Fighting
 * Level 4.0 Long Blades
 - Level 2.0 Throwing
 + Level 3.4 Dodging
 + Level 0.6 Invocations


You had 2 spell levels left.
You knew the following spells:

 Your Spells              Type           Power      Damage    Failure   Level
a - Apportation           Tloc           0%         N/A       65%         1

Your spell library contained the following spells:

 Spells                   Type           Power      Damage    Failure   Level
 Alistair's Intoxication  Tmut/Pois      0%         N/A       100%        5


Dungeon Overview and Level Annotations

Branches:
Dungeon (2/15)

Altars:
Elyvilon


Message History

No target in view!
No target in view!
No target in view!
No target in view!
No target in view!
No target in view!
You feel sick.
Things that are here:
a +0 short sword of venom; a kobold corpse
q - a +0 short sword of venom You feel sick.
Okay, then.
Adjust (i)tems, (s)pells, or (a)bilities?
q - a +0 short sword of venom Adjust to which letter? (? for menu, Esc to quit)
b - a +0 short sword of venom;
q - a brown potion Your +0 short sword of venom begins to drip with poison!
b - a +0 short sword of venom (weapon)
You start resting.
You feel sick. x3
You are no longer poisoned.
You start resting.
A gnoll is nearby!
A gnoll is nearby!
The gnoll shouts!
You hear an angry hiss.
There is a stone staircase leading up here.
Things that are here:
a frilled lizard skeleton; a bat skeleton The gnoll hits you with a +0 flail!
You climb upwards.
There is a stone staircase leading down here.
You are too injured to fight recklessly!
You hit the gnoll.
The gnoll is moderately wounded.
The gnoll hits you but does no damage.
You hit the gnoll.
The gnoll is poisoned.
The gnoll is moderately wounded.
The gnoll hits you with a +0 flail.
* * * LOW HITPOINT WARNING * * *
The gnoll attacks as you move away! The gnoll hits you with a +0 flail!
You die...

..#####.....##.#..# #..##......
..# #####....#.## ##.##...... ..#
#.....#...## #..#...... ..#
###....#...#######.#...... ###
#....................... ..####
#.##..##.....###........
#....#####.........##..##........
####...........g>#..##....#......
...#####.#.#####@....##...#......
##...###.#.# ####.....#.#######
###.....#.########.....#.#
####.........##........#######
#...<.....##.####..........
#............##...>........
##.........##......^........
###.....8......###.........###
#........♣.....# #..........##


You could see a gnoll (very poisoned).

Vanquished Creatures
  A gnoll (D:2)
  2 ball pythons
  3 endoplasms
  3 giant cockroaches
  5 goblins
  4 hobgoblins
  4 jackals (D:1)
  5 kobolds
  A quokka (D:1)
  5 bats
  3 frilled lizards
  5 rats
41 creatures vanquished.

Notes
Turn   | Place    | Note
-------+----------+-------------------------------------------
     0 | D:1      | Djon the Human Gladiator began the quest for the Orb.
     0 | D:1      | Reached XP level 1. HP: 16/16 MP: 1/1
   113 | D:1      | Reached XP level 2. HP: 21/22 MP: 2/2
   267 | D:1      | Reached XP level 3. HP: 27/27 MP: 3/3
   315 | D:1      | Found a faded altar of an unknown god.
   394 | D:1      | Prayed at the altar of an unknown god.
   394 | D:1      | Became a worshipper of Elyvilon the Healer
   394 | D:1      | Reached * piety under Elyvilon
   650 | D:2      | Learned a level 1 spell: Apportation
   811 | D:2      | Reached skill level 4 in Long Blades
   926 | D:2      | Reached XP level 4. HP: 33/33 MP: 4/4
  1143 | D:1      | Slain by a gnoll

Illustrated notes

Levels and vault maps discovered:
D:1:      wander_arrival_lonely_grave, layout_rooms,
          hellmonk_ecumenical_altar_dog_temple, minmay_misc_feat_roman
D:2:      minmay_spotlight, layout_loops_cross, kennysheep_boxes, uniq_natasha

Skill      XL: |  1  2  3 |
---------------+----------+-----
Long Blades    | 4 |  4.0
Fighting       | |  2.3
Throwing       | |  2.0
Dodging        | |  3.4
Invocations    | |  0.6

Action                     |  1- 3 |  4- 6 || total
---------------------------+-------+-------++-------
  Melee: Long sword        |    84 |    16 ||   100
         Punch             |     2 |       ||     2
         Short sword       |       |     2 ||     2
    Use: Potion            |     1 |       ||     1
   Stab: Sleeping          |     1 |       ||     1
 Armour: Leather armour    |    17 |       ||    17
         Ring mail         |       |     6 ||     6
  Dodge: Dodged            |    54 |    16 ||    70
